 Dungeon Crawl Stone Soup version 0.27-a0-931-g5a74e75d8f (webtiles) character file.

Game seed: 3217766681038228525

153 Alarkh the Insei (level 5, 41/41 HPs)
             Began as a Demonspawn Gladiator on Apr 10, 2021.
             Got out of the dungeon alive.
             The game lasted 00:02:27 (1639 turns).

Alarkh the Insei (Demonspawn Gladiator)             Turns: 1639, Time: 00:02:27

Health: 41/41      AC:  4    Str: 22    XL:     5   Next: 12%
Magic:  5/5        EV: 12    Int: 11    God:
Gold:   59         SH:  0    Dex: 14    Spells: 4/4 levels left

rFire    + . .     SeeInvis .     - Unarmed
rCold    . . .     Faith    .   (no shield)
rNeg     . . .     Spirit   .   a - +0 leather armour
rPois    .         Reflect  .   (helmet restricted)
rElec    .         Harm     .   (no cloak)
rCorr    .         Rampage  .   f - +0 pair of gloves
Will     +....                  (no boots)
Stlth    +.........             (no amulet)
HPRegen  0.13/turn              h - +6 ring of strength
MPRegen  0.09/turn              (no ring)

@: no status effects
A: antennae 1, powered by death 1, sturdy frame 1, fire resistance 1,
strong-willed 1, strong 1
a: no special abilities


You escaped.
You visited 1 branch of the dungeon, and saw 2 of its levels.

You collected 59 gold pieces.

Inventory:

Missiles
 c - 2 throwing nets (quivered)
Armour
 a - a +0 leather armour (worn)
 b - a +0 helmet
 f - a +0 pair of gloves (worn)
Jewellery
 h - a +6 ring of strength (left hand)
 m - a +6 ring of dexterity
 o - a ring of fire
Wands
 j - a wand of polymorph (6)
Scrolls
 i - a scroll of noise {unknown}
 k - a scroll of identify {unknown}
 l - a scroll of amnesia {unknown}
Potions
 n - a potion of flight


   Skills:
 + Level 3.4 Fighting
 - Level 1.7 Throwing
 - Level 2.6 Dodging
 * Level 4.6 Unarmed Combat


You had 4 spell levels left.
You didn't know any spells.
Your spell library was empty.

Dungeon Overview and Level Annotations

Branches:
Dungeon (2/15)

Altars:


Innate Abilities, Weirdness & Mutations

You have a pair of small antennae on your head.
You regenerate a little health from kills.
Your movements are slightly less encumbered by armour. (ER -2)
Your flesh is heat resistant. (rF+)
You are strong-willed. (Will+)
Your muscles are strong. (Str +2)


Message History

You fly up into the air.
It was a potion of haste.
You feel yourself speed up.
It was a potion of attraction.
You feel attractive to monsters.
It was a potion of mutation.
You feel extremely strange.
You feel stronger.
You feel strong-willed.
You feel resistant to heat.
It was a potion of might.
You feel very mighty all of a sudden.
You reach down and open the door.
Crazy Yiuf is pulled toward you!
You punch Crazy Yiuf!
Crazy Yiuf is moderately wounded.
Crazy Yiuf closely misses you.
You hit Crazy Yiuf.
Crazy Yiuf is severely wounded.
Crazy Yiuf hits you with a +4 quarterstaff of chaos!
You feel agile all of a sudden.
You punch Crazy Yiuf!
You kill Crazy Yiuf!
You have reached level 5!
Your demonic ancestry asserts itself...
A pair of antennae grows on your head!
Your +0 helmet falls away!
There is an open translucent door, spattered with blood here.
Things that are here:
a +4 quarterstaff of chaos; a +0 cloak You are starting to lose your buoyancy.
Your extra speed is starting to run out.
You feel yourself slow down.
You float gracefully downwards.
There is an escape hatch in the ceiling, spattered with blood here.
A mysterious force pulls you upwards. The hatch slams shut behind you.
HP restored.
You feel less attractive to monsters.
You feel a little less mighty now.
You feel a little less agile now.
You see here 20 sling bullets.
There is an open door here.
There is an open door here.
There is a staircase leading out of the dungeon here.
Are you sure you want to leave the Dungeon?
This will make you lose the game!
You have escaped!

###### ##
#....###############.
####........##...##.....
####....#####...###.....###
#....####...####.....####..
#..###.........###'###.....
##.#......@......'.'......⌠
##.###.........###'###.....
#....####...####.....####..
#.......#####......#....###
##................#..##....
#.##..###...##.....#..##...
####### ########..###.###..
##.# ### ##. #.# #.


There were no monsters in sight!

Vanquished Creatures
  Crazy Yiuf (D:2)
  Robin (D:2)
  A gnoll (D:1)
  3 adders (D:2)
  A worm (D:2)
  A dart slug (D:1)
  5 endoplasms
  2 giant cockroaches (D:1)
  11 goblins
  6 hobgoblins
  10 jackals
  3 kobolds
  4 quokkas (D:1)
  5 ball pythons
  3 bats
  4 frilled lizards
  7 rats
68 creatures vanquished.

Vanquished Creatures (others)
  A dart slug (D:2)
1 creature vanquished.

Grand Total: 69 creatures vanquished

Notes
Turn   | Place    | Note
-------+----------+-------------------------------------------
     0 | D:1      | Alarkh the Demonspawn Gladiator began the quest for the
                  | Orb.
     0 | D:1      | Reached XP level 1. HP: 16/16 MP: 1/1
   120 | D:1      | Found a faded altar of an unknown god.
   123 | D:1      | Reached skill level 3 in Unarmed Combat
   136 | D:1      | Gained mutation: You regenerate a little health from kills.
                  | [demonic ancestry]
   136 | D:1      | Reached XP level 2. HP: 14/22 MP: 2/2
   411 | D:1      | Gained mutation: Your movements are slightly less
                  | encumbered by armour. (ER -2) [demonic ancestry]
   411 | D:1      | Reached XP level 3. HP: 28/28 MP: 3/3
  1053 | D:2      | Reached skill level 4 in Unarmed Combat
  1053 | D:2      | Reached XP level 4. HP: 29/35 MP: 4/4
  1137 | D:2      | Noticed Robin
  1170 | D:2      | Killed Robin
  1384 | D:2      | Found a runed translucent door.
  1385 | D:2      | Noticed Crazy Yiuf
  1511 | D:2      | Gained mutation: Your muscles are strong. (Str +2) [potion
                  | of mutation]
  1511 | D:2      | Gained mutation: You are strong-willed. (Will+) [potion of
                  | mutation]
  1511 | D:2      | Gained mutation: Your flesh is heat resistant. (rF+)
                  | [potion of mutation]
  1516 | D:2      | Killed Crazy Yiuf
  1517 | D:2      | Gained mutation: You have a pair of small antennae on your
                  | head. [demonic ancestry]
  1517 | D:2      | Reached XP level 5. HP: 33/41 MP: 5/5
  1639 | D:$      | Got out of the dungeon alive.

Illustrated notes

Levels and vault maps discovered:
D:1:      elethiomel_arrival_infinity_welcomes_careful_drivers,
          layout_loops_cross, chequers_ecumenical_altar_simple_redux,
          serial_bayou_pond_d, columned_hall_lemuel
D:2:      layout_rooms, lemuel_another_geyser, uniq_crazy_yiuf_cottage,
          uniq_robin

Skill      XL: |  1  2  3 |
---------------+----------+-----
Unarmed Combat | 3 4 |  4.6
Fighting       | 3 |  3.4
Throwing       | |  1.7
Dodging        | |  2.6

Action                   |  1- 3 |  4- 6 || total
-------------------------+-------+-------++-------
Melee: Unarmed           |   183 |    41 ||   224
       Punch             |     3 |       ||     3
Throw: Throwing net      |     2 |       ||     2
  Use: Potion            |     2 |     6 ||     8
Armor: Leather armour    |    70 |     5 ||    75
       Skin              |     4 |    22 ||    26
Dodge: Dodged            |   155 |    11 ||   166

Table legend: (Time is in decaauts)
 A = Elapsed time spent in this place.
 B = Non-inter-level travel time spent in this place.
 C = Inter-level travel time spent in this place.
 D = Time resting spent in this place.
 E = Time spent auto-exploring this place.
 F = Levels seen in this place.
 G = Mean time per level.
                   A        B        C        D        E       F      G
               +--------+--------+--------+--------+--------+-----+--------+
         Total |   1609 |   1478 |    131 |     34 |   1047 |   2 |  804.5 |
       Dungeon |   1609 |   1478 |    131 |     34 |   1047 |   2 |  804.5 |
               +--------+--------+--------+--------+--------+-----+--------+

Top non-repeatable levels by time:
     D:1: 937 daAuts
     D:2: 671 daAuts
